AoeStats
← Kokamane18

Arena

504102115Analyzed
2v2 RM · 28d ago on Sep 3, 2026· 76m 16s· 4 players
Game mode
Random Map
Map size
Medium (4 player)
Population
200
Speed
Normal
Resources
Standard
Victory
Conquest
Starting age
Dark Age
Ending age
Imperial Age
RankedLock teamsTeams togetherTeam positionsShared explorationLock speedFull tech treeHidden civsTurbo modeCheats
Victory
Defeat
🇨🇦 Goths · Canada
829
+13
🇺🇸 Byzantines · United States
504
+27
🇺🇸 Spanish · United States
836
-23
🇺🇸 Poles · United States
689
-17
TROGDOR
11:26 Feudal Age
13:42 Loom
17:00 Castle Age
14:59 Horse Collar
15:06 Double-Bit Axe
18:54 Scale Barding Armor
19:02 Forging
21:08 Gold Mining
21:10 Stone Mining
26:19 Bloodlines
26:10 Husbandry
28:28 Iron Casting
30:07 Bow Saw
37:19 Imperial Age
35:54 Ballistics
36:19 Heavy Plow
37:52 Elite Conquistador
39:58 Chemistry
40:15 Conscription
39:28 Cavalier
47:08 Paladin
48:37 Wheelbarrow
47:49 Town Watch
54:46 Light Cavalry
57:18 Hussar
58:06 Scale Mail Armor
61:28 Hand Cart
61:14 Town Patrol
Kokamane18
10:48 Feudal Age
14:43 Double-Bit Axe
18:44 Castle Age
17:13 Stone Mining
17:35 Scale Barding Armor
19:01 Horse Collar
32:11 Imperial Age
35:38 Cavalier
Trumpie23
12:10 Feudal Age
12:54 Double-Bit Axe
24:18 Castle Age
23:10 Forging
24:52 Horse Collar
26:05 Scale Barding Armor
26:30 Pikeman
32:26 Iron Casting
32:31 Bow Saw
41:58 Imperial Age
43:12 Fortified Wall
43:47 Elite Skirmisher
45:17 Halberdier
45:53 Treadmill Crane
49:16 Scale Mail Armor
52:09 Guard Tower
53:13 Padded Archer Armor
58:09 Chemistry
59:34 Leather Archer Armor
61:27 Chain Mail Armor
66:55 Keep
69:38 Loom
75:36 Hoardings
OGSassy
2:25 Loom
10:21 Feudal Age
17:38 Castle Age
15:56 Stone Mining
15:40 Man-at-Arms
23:51 Pikeman
27:42 Wheelbarrow
28:57 Scale Mail Armor
32:36 Imperial Age
29:48 Long Swordsman
30:29 Gold Mining
30:58 Horse Collar
31:45 Double-Bit Axe
32:43 Two-Handed Swordsman
36:32 Conscription
36:24 Halberdier
38:29 Squires
38:15 Light Cavalry
39:30 Forging
40:10 Squires
43:22 Capped Ram
44:24 Fletching
44:34 Padded Archer Armor
45:09 Iron Casting
45:36 Elite Huskarl
47:31 Hand Cart
47:01 Town Watch
47:21 Elite Skirmisher
50:45 Heavy Scorpion
55:02 Onager
57:58 Bodkin Arrow
58:20 Chain Mail Armor
60:09 Caravan
63:12 Ballistics
63:56 Chemistry
66:20 Masonry
75:07 Champion
Connection lost

Rejoining the realm…

Still unreachable

The connection could not be restored.

Session expired

The server has moved on; the page needs a fresh start.